 Dungeon Crawl Stone Soup version 0.20.0-10-g0535bb4 (console) character file.

116391 elekro the Slicer (level 17, 0/112 HPs)
             Began as a Halfling Enchanter on June 7, 2017.
             Was a High Priest of Okawaru.
             Slain by a hornet (2 damage)
             ... created by a shambling mangrove
             ... on level 2 of the Swamp.
             The game lasted 03:55:48 (24606 turns).

elekro the Slicer (Halfling Enchanter)             Turns: 24606, Time: 03:55:48

Health: 0/112      AC: 14    Str: 12    XL:     17   Next: 26%
Magic:  28/28      EV: 23    Int: 18    God:    Okawaru [*****.]
Gold:   1831       SH:  0    Dex: 17    Spells: 3/31 levels left

rFire    . . .     SeeInvis +   d - +1 rapier (flame)
rCold    . . .     Gourm    .   (shield restricted)
rNeg     . . .     Faith    +   R - +0 troll leather armour
rPois    +         Spirit   .   s - +1 helmet {SInv}
rElec    .         Reflect  .   t - scarf {repulsion}
rCorr    .         Harm     .   L - +2 pair of gloves {Str+3}
MR       +....                  I - +2 pair of boots {run}
Stlth    +++++.....             G - amulet of faith
Regen    0.7/turn               P - ring of poison resistance
MPRegen  0.3/turn               V - +3 ring of evasion

@: flying (expiring), slowed, repel missiles, very slow
A: mutation resistance 1
a: Heroism, Finesse, Renounce Religion


You were on level 2 of the Swamp.
You worshipped Okawaru.
Okawaru was extremely pleased with you.
You were very hungry.

You visited 5 branches of the dungeon, and saw 26 of its levels.
You visited the Abyss 1 time.
You also visited: Labyrinth, Bailey, Ice Cave and Volcano.

You collected 2901 gold pieces.
You spent 1070 gold pieces at shops.

Inventory:

Hand Weapons
 a - the +0 rapier of Poverty {drain, +Rage Int+2}
   (You found it on level 6 of the Lair of Beasts)

   A truly terrible weapon, it drains the life of those it strikes.
   It affects your intelligence (+2).
   It lets you go berserk.
 b - a +5 blowgun
 c - a +1 fustibalus of flaming
 d - a +1 rapier of flaming (weapon)
 z - the +9 broad axe "Zasus" {freeze, Int+4}
   (Okawaru gifted it to you on level 13 of the Dungeon)

   It has been specially enchanted to freeze those struck by it, causing extra
   injury to most foes and up to half again as much damage against particularly
   susceptible opponents.
   It can also slow down cold-blooded creatures.
   It affects your intelligence (+4).
Missiles
 h - 57 sling bullets
 i - 13 throwing nets (quivered)
 o - 6 curare-tipped needles
 u - 4 needles of confusion
 w - 8 needles of sleeping
Armour
 s - a +1 helmet of see invisible (worn)
 t - a scarf of repulsion (worn)
 I - a +2 pair of boots of running (worn)
 L - a +2 pair of gloves of strength (worn)
 R - a +0 troll leather armour (worn)
Jewellery
 G - an amulet of faith (around neck)
 K - an uncursed ring of wizardry
 P - a ring of poison resistance (left hand)
 V - a +3 ring of evasion (right hand)
 Z - an uncursed ring of positive energy
Wands
 x - a wand of iceblast (10/15)
 D - a wand of acid (5/15)
 E - a wand of digging (10/24)
 J - a wand of digging (24/24)
 S - a wand of iceblast (10/15)
 T - a wand of digging (16/24)
Scrolls
 e - a scroll of recharging
 p - 5 scrolls of remove curse
 v - 5 scrolls of teleportation
 y - 3 scrolls of magic mapping
 A - a scroll of amnesia
Potions
 f - 10 potions of curing
 g - a potion of haste
 j - 3 potions of brilliance
 l - 3 potions of flight
 r - 2 potions of cancellation
 C - 3 potions of resistance
 F - 4 potions of might
 H - 4 potions of heal wounds
Miscellaneous
 n - a lightning rod (inert)
Comestibles
 k - 9 meat rations
 m - 12 royal jellies
 q - 7 bread rations
 B - a chunk of flesh


   Skills:
 + Level 9.0 Fighting
 - Level 12.0 Short Blades
 + Level 11.3 Throwing
 - Level 8.0 Armour
 - Level 8.0 Dodging
 - Level 11.0 Stealth
 + Level 7.5 Spellcasting
 - Level 10.0 Hexes
 - Level 5.0 Charms
 + Level 4.8 Necromancy
 - Level 10.0 Translocations
 - Level 5.0 Invocations
 - Level 5.0 Evocations


You had 3 spell levels left.
You knew the following spells:

 Your Spells              Type           Power        Failure   Level  Hunger
a - Corona                Hex            #####..      1%          1    None
b - Ensorcelled Hibernat  Hex/Ice        ###...       2%          2    None
c - Confuse               Hex            #####...     1%          3    #......
d - Tukima's Dance        Hex            #####...     1%          3    #......
e - Conjure Flame         Conj/Fire      #.......     36%         3    #......
f - Metabolic Englaciati  Hex/Ice        ###.......   41%         5    #####..
z - Regeneration          Chrm/Necr      ###.......   4%          3    #......
A - Apportation           Tloc           #####.       1%          1    None
B - Blink                 Tloc           N/A          1%          2    None
I - Silence               Hex/Air        ###.......   41%         5    #####..


Dungeon Overview and Level Annotations

Branches:
Dungeon (15/15)            Temple (1/1) D:4            Lair (6/6) D:8
  Swamp (2/4) Lair:3        Snake (0/4) Lair:3        Slime (0/5) Lair:5
    Orc (2/2) D:9             Elf (0/3) Orc:2        Vaults (0/5) D:13
 Depths (0/5) D:15

Altars:
Ashenzari
Cheibriados
Dithmenos
Elyvilon
Fedhas
Gozag
Hepliaklqana
Kikubaaqudgha
Makhleb
Nemelex Xobeh
Okawaru
Qazlal
Ru
Sif Muna
Trog
Uskayaw
Vehumet
Xom
Yredelemnul
Zin
The Shining One
Beogh
Jiyva

Shops:
D:6 !   D:15 }   Orc:2 [*!}

Portals:
Trove: D:15 (give +6 demon trident)


Innate Abilities, Weirdness & Mutations

You are small and have problems with some larger weapons.
You are somewhat resistant to further mutation.


Message History

You destroy the shambling mangrove!
Okawaru accepts your kill.
The grasping roots settle back into the ground.
Your Fighting skill increases to level 9!
The hornet completely misses you. The hornet closely misses you.
The hornet stings you.
You suddenly lose the ability to move!
The hornet stings you! x2
* * * LOW HITPOINT WARNING * * *
You feel yourself slow down. The hornet stings you!
* * * LOW HITPOINT WARNING * * *
You can move again.
Unknown command.
Unknown command.
Unknown command.
Unknown command.
You feel yourself speed up.
You are starting to lose your buoyancy.
The hornet stings you!
* * * LOW HITPOINT WARNING * * *
You feel yourself slow down. The hornet stings you.
You die...

≈..♣♣.≈≈..≈♣♣♣≈.≈♣♣
≈..≈♣♣≈......§≈≈..♣
...♣♣♣.≈≈≈≈≈.♣.≈.♣♣
.... ♣.≈≈≈≈≈.♣♣♣♣♣
. ≈.≈.≈♣♣♣♣♣.♣♣
≈.≈≈♣ ♣♣≈♣♣♣ ♣.≈♣
♣♣..♣ ≈.. ♣..♣ ♣.
♣≈@♣♣ ♣♣ ♣♣yy.♣ .♣
♣≈ny.♣ ♣♣
n..≈≈≈≈≈≈≈.♣ .♣♣..
≈..≈≈≈≈.≈≈≈♣ ≈...≈≈
≈≈≈..≈≈≈≈≈§.♣
≈≈.≈≈.
.......≈≈≈≈≈♣
≈....♣
...≈♣♣...≈≈.♣
≈≈≈♣♣♣ ≈♣♣♣
♣♣≈.≈≈≈♣


You could see a bog body and 3 hornets.

Vanquished Creatures
  A fire giant (D:15)
  The ghost of DogShitOnMyToe the Grappler, a journeyman TrMo of Makhleb (D:13)
  Nessos (Lair:6)
  Azrael (Orc:2)
  A minotaur (Lab)
  5 vault guards (D:13)
  Fannar (Lair:1)
  An ice dragon (Lair:4)
  9 hydras
  Harold (D:11)
  A catoblepas (Lair:3)
  2 centaur warriors
  12 two-headed ogres
  A dancing weapon (Volcano)
  A death knight (D:14)
  An anaconda (Lair:6)
  5 death yaks (Lair:6)
  An ogre mage (D:15)
  3 alligators (Swamp:1)
  3 tengu warriors
  Sonja (Lair:3)
  7 spriggans
  A deep elf knight (D:13)
  Urug (Lair:3)
  2 spriggan druids
  6 wizards
  A swamp dragon (Swamp:1)
  A shambling mangrove (Swamp:2)
  3 orc knights (Orc:2)
  Pikel (D:4)
  2 necromancers
  2 deep elf magi
  7 orc sorcerers
  2 ugly things
  A manticore (D:14)
  4 elephants (Lair:6)
  Maurice (Orc:2)
  2 cyclopes
  3 black mambas
  5 toenail golems (Volcano)
  A kobold demonologist (D:14)
  15 spiny frogs
  5 centaur skeletons
  10 freezing wraiths (IceCv)
  A rime drake (Lair:4)
  3 komodo dragons
  A yaktaur (D:15)
  An efreet (D:15)
  A tengu conjurer (D:13)
  7 trolls
  3 tyrant leeches (Swamp:1)
  A hydra zombie (Swamp:1)
  Prince Ribbit (D:6)
  8 hornets
  A raiju (shapeshifter) (D:14)
  5 polar bears
  Grinder (D:3)
  10 slime creatures
  17 blink frogs
  12 dream sheep
  2 centaur simulacra
  2 bog bodies (Swamp:1)
  13 hippogriffs
  4 shadows
  The ghost of pib the Sneak, an amateur DEWz of Sif Muna (D:5)
  2 wraiths (D:14)
  3 basilisks
  51 yaks
  A basilisk (shapeshifter) (D:13)
  Eustachio (D:4)
  4 fire elementals (Orc:2)
  4 humans
  4 wyverns
  2 hungry ghosts
  A tyrant leech zombie (Swamp:1)
  A steam dragon (D:13)
  A warg (Orc:2)
  A death yak simulacrum (IceCv)
  Menkaure (D:4)
  Edmund (D:5)
  16 vampire mosquitoes
  4 swamp worms
  An acid dragon (D:15)
  2 hell hounds (Orc:2)
  7 water moccasins
  6 porcupines
  6 ice beasts (IceCv)
  4 phantoms
  37 orc warriors
  2 alligator simulacra
  6 sky beasts
  A hornet zombie (Swamp:1)
  4 slaves
  4 necrophages
  15 ogres
  2 black bears
  13 wolves
  23 centaurs
  10 crocodiles
  2 big kobolds
  12 bullfrogs
  2 wyvern zombies
  9 gnoll sergeants
  A water moccasin zombie (D:6)
  A wyvern skeleton (D:7)
  4 scorpions
  A swamp dragon simulacrum (IceCv)
  12 killer bees
  2 howler monkeys
  7 wights
  An electric eel (Lair:1)
  4 crimson imps
  A bullfrog zombie (D:6)
  6 jellies
  4 centaur zombies
  7 draconian simulacra (IceCv)
  13 hounds
  A bullfrog skeleton (D:6)
  6 gnoll shamans (Bailey)
  16 orc priests
  18 orc wizards
  Crazy Yiuf (D:3)
  Ijyb (D:4)
  Jessica (D:2)
  5 iguanas
  5 troll simulacra (IceCv)
  8 worker ants
  2 spriggan simulacra (IceCv)
  A wolf simulacrum (IceCv)
  A crocodile zombie (Swamp:1)
  2 hound skeletons (D:5)
  A worker ant zombie (D:7)
  9 adders
  An ogre simulacrum (IceCv)
  18 gnolls
  3 naga simulacra (IceCv)
  4 shadow imps
  12 white imps (IceCv)
  6 oozes
  5 worms
  2 dart slugs
  A leopard gecko (D:11)
  71 orcs
  2 ball pythons
  8 bats
  6 giant cockroaches
  2 gnoll zombies (D:5)
  2 hobgoblins
  4 jackals (D:7)
  3 quokkas
  2 frilled lizards (D:1)
  7 goblins
  14 kobolds
  A quokka zombie (D:8)
  3 rats
  2 fungi
  4 plants (Lair:6)
822 creatures vanquished.

Vanquished Creatures (collateral kills)
  A dire elephant (Lair:6)
1 creature vanquished.

Vanquished Creatures (others)
  A naga simulacrum (IceCv)
  An orc (D:13)
  6 fungi (Lair:6)
  3 plants (Lair:6)
11 creatures vanquished.

Grand Total: 834 creatures vanquished

Notes
Turn   | Place    | Note
-------+----------+-------------------------------------------
     0 | D:1      | elekro the Halfling Enchanter began the quest for the Orb.
     0 | D:1      | Reached XP level 1. HP: 11/11 MP: 3/3
   253 | D:1      | Reached skill level 2 in Short Blades
   253 | D:1      | Reached XP level 2. HP: 9/17 MP: 2/4
   592 | D:1      | Learned a level 2 spell: Ensorcelled Hibernation
   813 | D:2      | Noticed Jessica
   843 | D:2      | Reached XP level 3. HP: 12/21 MP: 5/5
  1004 | D:2      | Found a hide-covered altar of Uskayaw.
  1135 | D:2      | Killed Jessica
  1135 | D:2      | Reached XP level 4. HP: 27/27 MP: 1/6
  1260 | D:3      | Noticed Grinder
  1292 | D:4      | Noticed Menkaure
  1355 | D:4      | Reached XP level 5. HP: 31/31 MP: 2/7
  1392 | D:4      | Learned a level 3 spell: Confuse
  1412 | D:4      | Noticed Eustachio
  1423 | D:4      | Found a staircase to the Ecumenical Temple.
  1458 | D:4      | Killed Eustachio
  1458 | D:4      | Reached skill level 3 in Short Blades
  1458 | D:4      | Reached XP level 6. HP: 33/36 MP: 0/8
  1639 | Temple   | Entered the Ecumenical Temple
  1654 | Temple   | Became a worshipper of Warmaster Okawaru
  1729 | D:4      | Reached skill level 5 in Stealth
  1845 | D:3      | Killed Grinder
  1845 | D:3      | Reached skill level 4 in Short Blades
  1845 | D:3      | Reached XP level 7. HP: 38/41 MP: 1/9
  2107 | D:3      | Found a runed door.
  2111 | D:3      | Noticed Crazy Yiuf
  2129 | D:3      | Killed Crazy Yiuf
  2433 | D:3      | Found a deep blue altar of Sif Muna.
  2433 | D:3      | Found a glowing silver altar of Zin.
  2467 | D:4      | Noticed Ijyb
  2491 | D:4      | Killed Ijyb
  2674 | D:4      | Reached skill level 1 in Throwing
  2690 | D:4      | Noticed Pikel
  2754 | D:4      | Reached skill level 5 in Hexes
  2822 | D:5      | Entered Level 5 of the Dungeon
  2823 | D:5      | Reached * piety under Okawaru
  2823 | D:5      | Reached skill level 5 in Short Blades
  2823 | D:5      | Reached XP level 8. HP: 41/46 MP: 7/10
  2861 | D:5      | Found a radiant altar of Vehumet.
  3510 | D:5      | Noticed pib's ghost (amateur DEWz)
  3551 | D:5      | Killed pib's ghost
  3551 | D:5      | Reached ** piety under Okawaru
  3600 | D:5      | Noticed Edmund
  3631 | D:5      | Reached XP level 9. HP: 34/51 MP: 0/11
  3765 | D:6      | Learned a level 3 spell: Tukima's Dance
  3767 | D:6      | Learned a level 1 spell: Apportation
  3776 | D:6      | Found a white marble altar of Elyvilon.
  3823 | D:6      | Reached skill level 6 in Short Blades
  3826 | D:6      | Found an opulent altar of Gozag.
  3968 | D:6      | Found a sacrificial altar of Ru.
  4104 | D:6      | Noticed Prince Ribbit
  4121 | D:6      | Found Tullef's Distillery.
  4124 | D:6      | Killed Prince Ribbit
  4148 | D:6      | Reached *** piety under Okawaru
  4195 | D:6      | Bought a potion of berserk rage for 55 gold pieces
  4195 | D:6      | Bought a potion of agility for 44 gold pieces
  4195 | D:6      | Bought a potion of degeneration for 11 gold pieces
  4195 | D:6      | Bought 2 potions of heal wounds for 110 gold pieces
  4195 | D:6      | Bought a potion of curing for 33 gold pieces
  4195 | D:6      | Bought a potion of curing for 33 gold pieces
  4469 | D:5      | Killed Edmund
  4469 | D:5      | Reached skill level 7 in Short Blades
  4745 | D:5      | Found a basalt altar of Yredelemnul.
  4761 | D:5      | Reached XP level 10. HP: 49/56 MP: 4/12
  4895 | D:4      | Killed Pikel
  4895 | D:4      | Received a gift from Okawaru
  4895 | D:4      | Reached **** piety under Okawaru
  4895 | D:4      | Reached skill level 5 in Throwing
  4895 | D:4      | Reached skill level 1 in Invocations
  4997 | D:4      | Killed Menkaure
  5234 | D:7      | Received a gift from Okawaru
  5869 | D:7      | Reached skill level 1 in Evocations
  6222 | D:7      | Found a snail-covered altar of Cheibriados.
  6411 | D:8      | Reached skill level 8 in Short Blades
  6744 | D:8      | Found a staircase to the Lair.
  6802 | D:8      | Found a white marble altar of Elyvilon.
  6813 | D:8      | Found a shattered altar of Ashenzari.
  6901 | D:8      | You fall through a shaft!
  6904 | D:9      | Reached XP level 11. HP: 44/61 MP: 4/13
  6953 | D:9      | Noticed a two-headed ogre
  6984 | D:9      | Killed a two-headed ogre
  6984 | D:9      | Reached ***** piety under Okawaru
  7076 | D:9      | Noticed a two-headed ogre
  7096 | D:9      | Killed a two-headed ogre
  7096 | D:9      | Received a gift from Okawaru
  7100 | D:9      | Found a shimmering altar of Xom.
  7459 | D:9      | Received a gift from Okawaru
  7754 | D:9      | Found a staircase to the Orcish Mines.
  7924 | D:6      | Bought a potion of haste for 110 gold pieces
  7924 | D:6      | Bought a potion of brilliance for 44 gold pieces
  7924 | D:6      | Bought a potion of invisibility for 88 gold pieces
  8253 | D:10     | Entered Level 10 of the Dungeon
  8280 | D:10     | Found an iron altar of Okawaru.
  8289 | D:10     | Reached skill level 9 in Short Blades
  8312 | D:10     | Noticed a two-headed ogre
  8356 | D:10     | Killed a two-headed ogre
  8356 | D:10     | Reached skill level 1 in Fighting
  8356 | D:10     | Reached skill level 5 in Invocations
  9241 | D:11     | Received a gift from Okawaru
  9391 | D:11     | Noticed a cyclops
  9405 | D:11     | Reached skill level 10 in Stealth
  9435 | D:11     | Killed a cyclops
  9435 | D:11     | Reached XP level 12. HP: 72/72 MP: 8/15
  9440 | D:11     | Learned a level 2 spell: Blink
  9679 | D:11     | Noticed Harold
  9702 | D:11     | Killed Harold
  9717 | D:11     | Reached skill level 1 in Translocations
  9806 | D:11     | Received a gift from Okawaru
  9818 | D:11     | Identified a +2 pair of boots of running (Okawaru gifted it to you on level 11 of the Dungeon)
 10101 | D:12     | Noticed a six-headed hydra
 10106 | D:12     | Noticed a two-headed ogre
 10134 | D:12     | Killed a two-headed ogre
 10145 | D:12     | Killed a six-headed hydra
 10145 | D:12     | Reached skill level 10 in Short Blades
 10309 | D:12     | Noticed a two-headed ogre
 10355 | D:12     | Killed a two-headed ogre
 10404 | D:12     | Noticed a two-headed ogre
 10435 | D:12     | Killed a two-headed ogre
 10926 | D:12     | Reached skill level 1 in Armour
 10996 | D:12     | Reached skill level 5 in Evocations
 11057 | D:13     | Received a gift from Okawaru
 11098 | D:12     | Reached XP level 13. HP: 71/80 MP: 6/17
 11105 | D:13     | Got an ancient broad axe {god gift}
 11114 | D:12     | Identified the +9 broad axe "Zasus" {freeze, Int+4} (Okawaru gifted it to you on level 13 of the Dungeon)
 11127 | D:13     | Noticed a vault guard
 11192 | D:13     | Noticed DogShitOnMyToe's ghost (journeyman TrMo)
 11732 | D:13     | Noticed a centaur warrior
 11769 | D:13     | Killed DogShitOnMyToe's ghost
 11772 | D:13     | Killed a centaur warrior
 11772 | D:13     | Received a gift from Okawaru
 11772 | D:13     | Reached ****** piety under Okawaru
 11775 | D:13     | Got a pitted ring mail {god gift}
 11790 | D:13     | Identified the +1 ring mail "Mosezaysk" {Stlth+} (Okawaru gifted it to you on level 13 of the Dungeon)
 11998 | D:13     | Noticed a vault guard
 12078 | D:13     | Reached skill level 5 in Fighting
 12094 | D:13     | Paralysed by a wizard for 7 turns
 12146 | D:13     | Noticed a vault guard
 12171 | D:13     | Killed a vault guard
 12171 | D:13     | Reached skill level 5 in Translocations
 12216 | D:13     | Killed a vault guard
 12216 | D:13     | Reached skill level 11 in Short Blades
 12382 | D:13     | Killed a vault guard
 12448 | D:13     | Found a gate to the Vaults.
 12448 | D:13     | Noticed a vault guard
 12448 | D:13     | Noticed a vault guard
 12456 | D:13     | Killed a vault guard
 12456 | D:13     | Reached skill level 10 in Hexes
 12469 | D:13     | Killed a vault guard
 12826 | D:14     | Noticed a centaur warrior
 12963 | D:14     | Killed a centaur warrior
 12963 | D:14     | Reached XP level 14. HP: 88/88 MP: 7/20
 13271 | D:14     | Received a gift from Okawaru
 13376 | D:14     | Reached skill level 5 in Dodging
 13434 | D:15     | Entered Level 15 of the Dungeon
 13783 | D:15     | Found a staircase to the Depths.
 13783 | D:15     | Noticed a fire giant
 13812 | D:15     | Found Jiskaoco's Quality Used Wands.
 14062 | D:15     | Reached skill level 5 in Armour
 14073 | D:15     | Reached skill level 5 in Spellcasting
 14266 | D:15     | Killed a fire giant
 14283 | D:15     | Bought a wand of digging (0/24) for 112 gold pieces
 14364 | D:15     | Found a portal to a secret trove of treasure.
 14396 | D:15     | Found a blossoming altar of Fedhas.
 14628 | Orc:1    | Entered Level 1 of the Orcish Mines
 14631 | Orc:1    | Found a flagged portal.
 14707 | Bailey   | Entered a bailey
 15116 | Bailey   | Learned a level 3 spell: Conjure Flame
 15195 | Orc:1    | Received a gift from Okawaru
 15431 | Orc:2    | Entered Level 2 of the Orcish Mines
 15491 | Orc:2    | Reached skill level 12 in Short Blades
 15582 | Orc:2    | Found a roughly hewn altar of Beogh.
 15821 | Orc:2    | Found a bloodstained altar of Trog.
 15999 | Orc:2    | Noticed Azrael
 16100 | Orc:2    | Found Plog's Distillery.
 16100 | Orc:2    | Found Asinaso's General Store.
 16103 | Orc:2    | Found Pydonomn's Antique Armour Shop.
 16107 | Orc:2    | Found Aro Bom's Gadget Shoppe.
 16160 | Orc:2    | Killed Azrael
 16160 | Orc:2    | Reached XP level 15. HP: 55/96 MP: 17/23
 16385 | Orc:2    | Learned a level 5 spell: Metabolic Englaciation
 16388 | Orc:2    | Bought a scroll of enchant weapon for 112 gold pieces
 16388 | Orc:2    | Bought a scroll of identify for 30 gold pieces
 16397 | Orc:2    | Bought a potion of haste for 120 gold pieces
 16397 | Orc:2    | Bought 2 potions of heal wounds for 120 gold pieces
 16397 | Orc:2    | Bought a potion of brilliance for 48 gold pieces
 16599 | Orc:2    | Found a staircase to the Elven Halls.
 16678 | Orc:2    | Noticed Maurice
 16793 | Orc:2    | Killed Maurice
 17083 | Lair:1   | Entered Level 1 of the Lair of Beasts
 17109 | Lair:1   | Noticed Fannar
 17123 | Lair:1   | Killed Fannar
 17123 | Lair:1   | Received a gift from Okawaru
 17192 | Lair:1   | Reached skill level 10 in Throwing
 17199 | Lair:1   | Learned a level 3 spell: Regeneration
 17695 | Lair:1   | Got a slimy leather armour
 17706 | Lair:1   | Identified the +4 leather armour of Submission {-Cast Regen+ Dex+4} (You found it on level 1 of the Lair of Beasts)
 18139 | Lair:2   | Received a gift from Okawaru
 18237 | Lair:2   | Received a gift from Okawaru
 18871 | Lair:3   | Noticed Sonja
 18879 | Lair:3   | Killed Sonja
 18924 | Lair:3   | Found a staircase to the Snake Pit.
 19027 | Lair:3   | Found a staircase to the Swamp.
 19039 | Lair:3   | Noticed Urug
 19051 | Lair:3   | Killed Urug
 19244 | Lair:3   | Received a gift from Okawaru
 19422 | Lair:4   | Found a frozen archway.
 19460 | Lair:4   | Reached skill level 1 in Necromancy
 19501 | IceCv    | Entered an ice cave
 19942 | IceCv    | Found an ancient bone altar of Kikubaaqudgha.
 20207 | IceCv    | Gained mutation: Your muscles are strong. (Str +2) [potion of mutation]
 20208 | IceCv    | Lost mutation: Your muscles are strong. (Str +2) [potion of mutation]
 20208 | IceCv    | Gained mutation: Your muscles are strong. (Str +2) [potion of mutation]
 20209 | IceCv    | Lost mutation: Your muscles are strong. (Str +2) [potion of mutation]
 20210 | IceCv    | Gained mutation: You passively map a small area around you. [potion of mutation]
 20210 | IceCv    | Gained mutation: You are agile. (Dex +2) [potion of mutation]
 20318 | IceCv    | Received a gift from Okawaru
 20350 | IceCv    | Identified the Grimoire of Ice
 20524 | Lair:4   | Reached XP level 16. HP: 103/103 MP: 25/25
 20699 | Lair:4   | Reached skill level 1 in Charms
 21085 | Lair:5   | Found a dark tunnel.
 21095 | Volcano  | Entered a volcano
 21120 | Volcano  | Cast into level 2 of the Abyss (a wizard)
 21139 | Volcano  | Escaped the Abyss
 21205 | Volcano  | Paralysed by a wizard for 5 turns
 21695 | Lair:5   | Found a viscous altar of Jiyva.
 21695 | Lair:5   | Found a staircase to the Slime Pits.
 21908 | Lair:6   | Entered Level 6 of the Lair of Beasts
 21944 | Lair:6   | Received a gift from Okawaru
 21974 | Lair:6   | Got a crystal lajatang {god gift}
 21975 | Lair:6   | Identified the +4 lajatang of Somewhere Else {slice, *Rage rElec rPois Str+6} (Okawaru gifted it to you on level 6 of the Lair of Beasts)
 21992 | Lair:6   | Noticed Nessos
 22010 | Lair:6   | Found a labyrinth entrance.
 22012 | Lair:6   | Killed Nessos
 22100 | Lab      | Entered a labyrinth
 22377 | Lab      | Identified the Tome of Clay and Air
 22380 | Lab      | Lost mutation: You passively map a small area around you. [potion of mutation]
 22380 | Lab      | Lost mutation: You are agile. (Dex +2) [potion of mutation]
 22398 | Lab      | Learned a level 5 spell: Silence
 22614 | Lair:6   | Received a gift from Okawaru
 23456 | Lair:6   | Got a scorched rapier
 23491 | Lair:6   | Identified the cursed +0 rapier of Poverty {drain, +Rage Int+2} (You found it on level 6 of the Lair of Beasts)
 23642 | Swamp:1  | Entered Level 1 of the Swamp
 23688 | Swamp:1  | Received a gift from Okawaru
 23735 | Swamp:1  | Got a heavy robe {god gift}
 23748 | Swamp:1  | Identified the +1 robe of the Quahog {rN+} (Okawaru gifted it to you on level 1 of the Swamp)
 23963 | Swamp:1  | Reached XP level 17. HP: 111/111 MP: 22/27
 24049 | Swamp:1  | Reached skill level 10 in Translocations
 24337 | Swamp:1  | Reached skill level 5 in Charms
 24604 | Swamp:2  | Paralysed by a hornet for 1 turns
 24606 | Swamp:2  | HP: 2/112 [hornet[a shambling mangrove] (11)]
 24606 | Swamp:2  | Slain by a hornet

Skill      XL: |  1  2  3  4  5  6  7  8  9 10 11 12 13 14 15 16 17 |
---------------+----------------------------------------------------+-----
Short Blades   | 2 3 4 5 7 8 9 10 11 12 | 12.0
Stealth        | 4 5 6 8 9 10 11 | 11.0
Hexes          | 3 4 5 6 7 8 9 10 | 10.0
Throwing       | 1 3 4 6 7 8 9 10 11 | 11.3
Invocations    | 3 5 |  5.0
Evocations     | 2 4 5 |  5.0
Fighting       | 2 4 5 6 7 8 9 |  9.0
Translocations | 3 5 7 8 9 10 | 10.0
Spellcasting   | 3 4 5 6 7 |  7.5
Armour         | 1 4 6 7 8 |  8.0
Dodging        | 4 6 8 |  8.0
Necromancy     | 2 4 |  4.8
Charms         | 4 5 |  5.0

Action                   |  1- 3 |  4- 6 |  7- 9 | 10-12 | 13-15 | 16-18 || total
-------------------------+-------+-------+-------+-------+-------+-------++-------
Melee: Dagger            |    70 |    19 |       |       |       |       ||    89
       Mace              |     8 |       |       |       |       |       ||     8
       Rapier            |       |    42 |   265 |   561 |  1067 |   534 ||  2469
       Punch             |       |       |     2 |       |     8 |     6 ||    16
       Broad axe         |       |       |       |       |    35 |    28 ||    63
       Scimitar          |       |       |       |       |   176 |       ||   176
 Fire: Hunting sling     |    13 |       |    16 |    23 |    64 |       ||   116
       Blowgun           |       |       |    18 |    76 |    76 |    41 ||   211
       Fustibalus        |       |       |       |       |       |     4 ||     4
Throw: Stone             |     4 |       |       |       |       |       ||     4
       Throwing net      |       |       |       |       |     2 |       ||     2
 Cast: Corona            |    18 |     5 |     4 |     6 |     7 |       ||    40
       Ensorcelled Hiber |     4 |     5 |    38 |   124 |   232 |   117 ||   520
       Confuse           |       |     6 |    16 |    51 |   101 |    52 ||   226
       Blink             |       |       |       |     2 |     7 |     1 ||    10
       Apportation       |       |       |       |       |     6 |     4 ||    10
       Regeneration      |       |       |       |       |     4 |     6 ||    10
       Conjure Flame     |       |       |       |       |       |     2 ||     2
Invok: Heroism           |       |       |    10 |     9 |    26 |    19 ||    64
Evoke: Wand              |       |       |       |     4 |    13 |     2 ||    19
       Lightning rod     |       |       |       |       |     8 |     4 ||    12
       Sack of spiders   |       |       |       |       |       |     4 ||     4
  Use: Scroll            |       |     5 |     7 |    15 |    28 |    13 ||    68
       Potion            |       |     7 |     3 |     1 |    22 |    11 ||    44
 Stab: Sleeping          |     7 |     9 |    28 |    76 |   148 |    92 ||   360
       Confused          |       |     2 |     7 |    33 |    66 |    31 ||   139
       Paralysed         |       |       |     1 |       |       |       ||     1
       Distracted        |       |       |       |     2 |     2 |     1 ||     5
       Invisible         |       |       |       |       |    13 |       ||    13
  Eat: Chunk             |     1 |     3 |    11 |    27 |    23 |     9 ||    74
       Fruit             |       |     1 |     4 |     1 |       |       ||     6
       Royal jelly       |       |       |     1 |     4 |     3 |     2 ||    10
       Meat ration       |       |       |       |       |     1 |       ||     1
       Bread ration      |       |       |       |       |     1 |       ||     1
Armor: Robe              |    25 |     1 |       |       |       |       ||    26
       Leather armour    |       |     5 |    68 |    69 |       |       ||   142
       Troll leather arm |       |       |       |    32 |   285 |   126 ||   443
Dodge: Dodged            |    84 |    18 |   188 |   373 |  1318 |   605 ||  2586
       Deflected         |       |       |       |       |    31 |     1 ||    32
       Rpst.: Scimitar   |       |       |       |       |    55 |       ||    55
